 Dungeon Crawl Stone Soup version 0.16-a0-3159-ge6ac362 (webtiles) character file.

88575 Ih8V5 the Spry (level 15, -4/126 HPs)
             Began as a Salamander Gladiator on Feb 14, 2015.
             Was the Champion of Yredelemnul.
             Slain by an iron troll (34 damage)
             ... on level 15 of the Dungeon on Feb 16, 2015.
             The game lasted 01:57:13 (22545 turns).

Ih8V5 the Spry (Salamander Gladiator)              Turns: 22545, Time: 01:57:13

Health: -4/126     AC: 21    Str: 12    XL:     15   Next: 46%
Magic:  34/34      EV: 23    Int: 11    God:    Yredelemnul [******]
Gold:   557        SH:  0    Dex: 23    Spells: 6 memorised, 23 levels left

rFire  + + +     SeeInvis .     a - +5 quarterstaff (chaos)
rCold  . . .     Clarity  .     E - +2 ring mail of Iplikhod {rC+ MR+}
rNeg   . . .     SustAb   .     (no shield)
rPois  .         Gourm    .     w - +1 hat {MR+}
rElec  +         Spirit   .     r - -2 cloak of the Depths {Slay+4 Stlth+}
rCorr  .         Warding  .     (no gloves)
rMut   .         Stasis   .     U - +6 lightning scales {run, rElec}
MR     +++..                    m - amulet of regeneration
Stlth  +++.......               q - +4 ring of dexterity
                                T - ring of Wywyc {rF++ AC+2} (curse)

@: slow, extremely resistant to hostile enchantments, fairly stealthy
A: fiery attack, swim through lava, fire resistance 2, slowness 2, tough skin 2,
weak 1, cold vulnerability 1
a: Animate Dead, Recall Undead Slaves, Injury Mirror, Drain Life, Enslave Soul,
Renounce Religion


You were on level 15 of the Dungeon.
You worshipped Yredelemnul.
Yredelemnul was exalted by your worship.
You were not hungry.

You visited 5 branches of the dungeon, and saw 27 of its levels.
You visited the Abyss 1 time.
You also visited: Sewer.

You collected 2953 gold pieces.
You spent 2396 gold pieces at shops.

Inventory:

Hand weapons
 a - a +5 quarterstaff of chaos (weapon)
Missiles
 z - a throwing net (quivered)
Armour
 r - the -2 cloak of the Depths (worn) {Slay+4 Stlth+}
   (You bought it in a shop on level 8 of the Dungeon)

   It affects your accuracy and damage with ranged weapons and melee attacks
   (+4).
   It makes you more stealthy.
 w - a +1 hat of magic resistance (worn)
 E - the +2 ring mail of Iplikhod (worn) {rC+ MR+}
   (You found it on level 7 of the Dungeon)

   It protects you from cold.
   It affects your resistance to hostile enchantments.
 U - the +6 lightning scales (worn) {run, rElec}
   (You bought it in a shop on level 4 of the Orcish Mines)

   It insulates you from electricity.
Rods
 b - a +0 iron rod (14/14)
   (You found it on level 8 of the Lair of Beasts)
Jewellery
 m - an amulet of regeneration (around neck)
 q - a +4 ring of dexterity (right hand)
 s - an uncursed ring of flight
 B - an uncursed amulet of resist mutation
 Q - an uncursed amulet of clarity
 R - an uncursed ring of invisibility
 T - the cursed ring of Wywyc (left hand) {rF++ AC+2}
   (You took it off a frost giant on level 12 of the Dungeon)

   [ring of protection]

   It affects your AC (+2).
   It greatly protects you from fire.
   It has a curse placed upon it.
Magical devices
 c - a wand of paralysis (7)
 v - a wand of paralysis (9)
 D - a wand of teleportation (4)
 M - a wand of enslavement (3)
 P - a wand of fire (3)
 W - a wand of disintegration (3)
Scrolls
 g - a scroll of identify
 k - 2 scrolls of fog
 n - a scroll of silence
 u - 3 scrolls of remove curse
 x - a scroll of summoning
 y - 4 scrolls of recharging
 G - a scroll of fear
 J - 5 scrolls of teleportation
 K - 3 scrolls of amnesia
 N - 2 scrolls of enchant armour
 O - 2 scrolls of magic mapping
 Y - a scroll of enchant weapon
Potions
 e - 2 potions of flight
 h - 3 potions of might
 i - a potion of resistance
 o - 4 potions of restore abilities
 t - 4 potions of magic
 A - 2 potions of cancellation
 F - 3 potions of curing
 H - a potion of heal wounds
 S - a potion of cure mutation
 V - 3 potions of brilliance
Miscellaneous
 d - a phial of floods
 p - a lamp of fire (inert, charging)
 I - a stone of tremors
 L - a crystal ball of energy
 X - an ornate deck of summonings {drawn: 9}
 Z - a fan of gales
Comestibles
 f - 11 bread rations
 j - 10 meat rations
 l - 4 beef jerkies
 C - 8 fruits


   Skills:
 - Level 10.0 Fighting
   Level 5.3(8.8) Polearms
 - Level 10.0(10.4) Staves
 - Level 1.7 Throwing
 - Level 16.5 Dodging
 - Level 5.0 Stealth
 + Level 10.2 Spellcasting
 + Level 10.6 Charms
 - Level 11.8 Invocations
 - Level 8.2 Evocations


You had 23 spell levels left.
You knew the following spells:

 Your Spells              Type           Power        Failure   Level  Hunger
a - Apportation           Tloc           #.........   21%         1    None
b - Summon Butterflies    Summ           #.......     21%         1    None
c - Infusion              Chrm           ####..       1%          1    None
d - Regeneration          Chrm/Necr      ###.......   10%         3    ##.....
e - Spectral Weapon       Hex/Chrm       ###.....     10%         3    ##.....
f - Repel Missiles        Chrm/Air       ###...       3%          2    None


Dungeon Overview and Level Annotations

Branches:
Dungeon (15/15)            Temple (1/1) D:7            Lair (8/8) D:8
  Swamp (0/5) Lair:5        Snake (0/5) Lair:6        Slime (0/6) Lair:6
    Orc (4/4) D:9             Elf (0/3) Orc:3        Vaults (0/5) D:14
 Depths (1/5) D:15

Altars:
Ashenzari
Cheibriados
Dithmenos
Elyvilon
Fedhas
Gozag
Kikubaaqudgha
Makhleb
Nemelex Xobeh
Okawaru
Qazlal
Ru
Sif Muna
Trog
Vehumet
Xom
Yredelemnul
Zin
The Shining One
Beogh
Jiyva

Shops:
D:6 *   D:8 *   D:14 ?   Orc:3 %   Orc:4 ([}[

Annotations:
D:12 runed door


Innate Abilities, Weirdness & Mutations

Your melee attacks set your foes ablaze.
You cannot wear boots.
You can swim through lava.
Your flesh is very heat resistant.
You cover ground very slowly.
You have very tough skin (AC +2).
You are vulnerable to cold.
You are weak. (Str -2)


Message History

Your ghoul claws the iron troll!!
Your vampire mumbles some strange words.
Your vampire flickers and vanishes for a moment.
You climb upwards.
Welcome back to the Dungeon!
There is a staircase to the Depths here.
Unknown command.
Unknown command.
You are too injured to fight recklessly!
You are too injured to fight recklessly!
Unknown command.
You are too injured to fight recklessly!
Unknown command.
You are too injured to fight recklessly!
Unknown command.
Drink which item? (? for menu, Esc to quit)
You feel much better.
The centaur warrior hits you but does no damage.
The iron troll bites you!!
You die...
Your body rises from the dead as a mindless zombie.

..#.##.##....#..##.##..#+##.....#
..+.<(.'.....WV###WW#..+..'.....#
..#..#.##....###..n.#..#..#.....#
..#..#nn##..####.####..#..#.....#
..#).#.VW######...##...#..#.....#
..'..+....'.##.....##..'..'.....'
..##+#....#'#...T...#..##'#.....#
............##.cnTV##...........#
.............###@###....).......'
...............###n.............#
..#'###'###'#...#'#....#'####...#
..'.....'...#..........#....'...'
..##'##'###'#......##'##.##.#...#
...................'..##.##.#...#
...................#........'....
...................#+###.##.#....
.............#+###..(.##.##'##'#.


You could see 2 iron trolls, a centaur warrior, a friendly ghoul and a friendly
vampire (invisible).

Vanquished Creatures
  An ettin (D:12)
  The ghost of MurderMachine the Fighter, a powerful SaFi of Cheibriados (Lair:1)
  Harold (Lair:2)
  A hydra (Lair:1)
  A deep troll earth mage (D:12)
  3 centaur warriors
  A deep troll shaman (Depths:1)
  7 death yaks
  A tengu warrior (D:15)
  2 orc high priests (Orc:4)
  Nergalle (Lair:2)
  A skeletal warrior (Orc:4)
  A fire crab (shapeshifter) (D:15)
  A deep troll (Depths:1)
  A flayed ghost (D:12)
  Erolcha (D:12)
  An orc knight (D:12)
  A wizard (D:15)
  A red wasp (D:12)
  An orc sorcerer (Orc:3)
  10 ugly things
  A moth of wrath (shapeshifter) (D:15)
  2 manticores (D:14)
  A griffon (D:14)
  A faun (shapeshifter) (D:13)
  4 black mambas (Lair:8)
  An octopode (shapeshifter) (D:15)
  11 elephants
  Joseph (Orc:1)
  8 spiny frogs
  2 yaktaurs
  A torpor snail (Lair:7)
  A centaur skeleton (D:14)
  Psyche (D:8)
  4 fire drakes
  4 komodo dragons
  A kobold demonologist (D:12)
  A fire drake (shapeshifter) (D:15)
  Sonja (Orc:4)
  2 two-headed ogres (D:12)
  A troll (Orc:3)
  7 blink frogs
  2 ravens (D:15)
  5 slime creatures
  A trapdoor spider zombie (D:12)
  A flying skull (Lair:4)
  2 basilisks
  A redback (Lair:8)
  20 yaks
  A steam dragon (Lair:8)
  4 hippogriffs
  A fire elemental (D:14)
  A hog (D:9)
  2 wyverns
  3 hungry ghosts
  9 vampire mosquitoes
  3 swamp worms (Lair:5)
  Menkaure (D:6)
  A naga (Lair:6)
  A mottled dragon (shapeshifter) (D:15)
  13 water moccasins
  15 wolves
  12 porcupines
  2 yellow wasps
  13 orc warriors
  A soldier ant (D:12)
  A spiny frog zombie (Lair:4)
  Purgy (Sewer)
  8 ogres
  9 crocodiles
  2 ice beasts
  4 phantoms
  A spider (Lair:8)
  A black bear (Lair:3)
  A blink frog zombie (Lair:4)
  2 boggarts (D:15)
  11 centaurs
  Blork the orc (Orc:4)
  15 giant frogs
  A water moccasin zombie (Lair:4)
  A wyvern skeleton (D:7)
  2 scorpions
  6 wights
  A yak zombie (Lair:6)
  A scorpion (shapeshifter) (D:15)
  7 killer bees (D:14)
  A wolf zombie (Lair:8)
  A goliath beetle (D:6)
  8 crimson imps
  A giant frog zombie (D:7)
  A jelly (D:12)
  9 hounds
  Crazy Yiuf (D:7)
  An iron imp (Orc:4)
  21 orc wizards
  14 orc priests
  A gnoll shaman (D:6)
  An iguana (shapeshifter) (Orc:1)
  12 worker ants
  7 iguanas
  16 sheep
  Jessica (D:2)
  A hound skeleton (D:5)
  A mummy (D:14)
  12 gnolls
  37 river rats
  19 adders
  4 shadow imps
  3 giant mites (D:4)
  A white imp (Orc:4)
  2 worms (D:3)
  2 adder skeletons (D:4)
  An ooze (D:1)
  127 orcs
  14 bats
  A bat zombie (D:5)
  9 giant cockroaches
  25 goblins
  25 hobgoblins
  7 jackals
  17 kobolds
  15 quokkas
  4 river rat zombies (Lair:4)
  A ball python skeleton (D:4)
  7 giant geckos
  11 giant newts
  3 giant spores
  8 orc zombies (Orc:4)
  10 rats
  4 ballistomycetes
  2 fungi
  2 plants
757 creatures vanquished.

Vanquished Creatures (collateral kills)
  2 frost giants (D:12)
  An orc warlord (D:12)
  Gastronok (D:12)
  The ghost of agentgt the Spear-Bearer, a powerful SaGl of Cheibriados (D:13)
  Snorg (Lair:6)
  4 vault guards (D:14)
  The ghost of lagrange the Arsonist, a powerful SaFE of Sif Muna (Lair:1)
  A fire dragon (Lair:8)
  A rakshasa (D:14)
  5 hydras
  Nessos (D:12)
  2 centaur warriors
  Erica (Lair:4)
  7 death yaks
  2 orc high priests (Orc:4)
  An iron troll (Depths:1)
  A skeletal warrior (Orc:4)
  A flayed ghost (Orc:4)
  3 hill giants
  An unseen horror (D:15)
  2 wolf spiders (Lair:8)
  A shining eye (shapeshifter) (D:15)
  4 cyclopes
  A griffon (Lair:4)
  2 manticores
  A draconian (shapeshifter) (D:15)
  A red wasp (Lair:8)
  An oklob plant (Lair:8)
  3 ugly things (D:14)
  A guardian serpent (Lair:8)
  A black mamba (Lair:8)
  8 elephants
  A red wasp (shapeshifter) (D:14)
  8 spiny frogs
  3 centaur skeletons
  5 komodo dragons
  2 fire drakes
  A tengu conjurer (D:15)
  8 blink frogs
  A polar bear (Lair:7)
  A blue devil (Orc:4)
  A raven (D:15)
  2 slime creatures (D:12)
  2 basilisks
  2 deep elf magi (Orc:4)
  7 yaks
  5 hippogriffs
  A hog (shapeshifter) (D:14)
  A human (D:9)
  6 vampire mosquitoes
  2 nagas (Lair:6)
  2 steam dragons (Lair:8)
  9 wolves
  2 porcupines
  11 water moccasins
  2 swamp worms (Lair:5)
  A spider (Lair:8)
  A swamp drake (Orc:4)
  A yellow wasp (Lair:8)
  14 orc warriors
  A black bear (Lair:4)
  A boggart (D:15)
  An ogre (Orc:4)
  5 centaurs
  6 crocodiles
  6 giant frogs
  3 killer bees (D:14)
  2 wights (D:12)
  An electric eel (Lair:5)
  A lava snake (D:14)
  2 crimson imps
  9 orc priests
  5 hounds
  A jelly (D:12)
  11 orc wizards
  4 sheep
  3 iguanas
  3 worker ants
  17 river rats
  10 adders
  A shadow imp (D:12)
  69 orcs
  4 goblins
  2 hobgoblins
  A quokka (Lair:5)
  A kobold (D:9)
  2 orc zombies
  11 fungi
  12 plants
361 creatures vanquished.

Vanquished Creatures (others)
  A tengu reaver (D:12)
  A death cob (D:13)
  A centaur warrior (D:14)
  3 flayed ghosts
  4 phantasmal warriors
  A cyclops (D:14)
  A death yak skeleton (Lair:8)
  2 water elementals (D:12)
  2 fire elementals (Depths:1)
  A wind drake (D:14)
  A slime creature (D:15)
  A basilisk (Lair:8)
  A black mamba zombie (Lair:8)
  8 flying skulls
  A dancing weapon (D:13)
  5 wraiths
  A wyvern (D:12)
  A vampire (D:12)
  A deep elf mage (D:12)
  2 vampire mosquitoes
  An earth elemental (Orc:4)
  A spiny frog zombie (Lair:8)
  3 blink frog zombies (Lair:6)
  An ogre (D:12)
  2 water moccasin zombies
  A wyvern zombie (Lair:8)
  3 yak zombies
  A yak skeleton (Lair:8)
  A crimson imp (D:14)
  2 wights
  3 wolf zombies
  A giant frog skeleton (Lair:1)
  A giant frog zombie (Lair:1)
  A two-headed ogre zombie (D:12)
  A porcupine zombie (Lair:6)
  A crocodile zombie (Lair:8)
  2 hound zombies
  A mummy (Lair:2)
  2 adders (D:12)
  An adder zombie (Lair:8)
  An orc (Orc:4)
  3 river rat zombies (Lair:4)
  2 gnoll zombies (D:6)
  2 goblin zombies (Orc:4)
  2 kobold zombies
  31 orc zombies
  2 quokka zombies
  2 river rat skeletons (Lair:8)
  2 fungi (Lair:8)
116 creatures vanquished.

Grand Total: 1234 creatures vanquished

Notes
Turn   | Place    | Note
--------------------------------------------------------------
     0 | D:1      | Ih8V5, the Salamander Gladiator, began the quest for the Orb.
     0 | D:1      | Reached XP level 1. HP: 17/17 MP: 1/1
    48 | D:1      | Reached XP level 2. HP: 22/24 MP: 3/3
   151 | D:1      | Reached skill level 4 in Staves
   328 | D:1      | Reached XP level 3. HP: 26/29 MP: 4/4
   355 | D:1      | Reached skill level 1 in Stealth
   848 | D:2      | Found a shattered altar of Ashenzari.
   890 | D:2      | Reached XP level 4. HP: 6/36 MP: 5/5
   966 | D:2      | Noticed Jessica
   984 | D:2      | Killed Jessica
  1382 | D:3      | Reached XP level 5. HP: 41/41 MP: 7/7
  1428 | D:3      | Reached skill level 5 in Staves
  1567 | D:3      | Found a basalt altar of Yredelemnul.
  1568 | D:3      | Found a white marble altar of Elyvilon.
  1573 | D:3      | Became a worshipper of Yredelemnul the Dark
  1911 | D:3      | Found a blossoming altar of Fedhas.
  2043 | D:4      | Noticed a phantom
  2057 | D:4      | Killed a phantom
  2057 | D:4      | Reached skill level 1 in Polearms
  2057 | D:4      | Reached skill level 1 in Invocations
  2057 | D:4      | Reached XP level 6. HP: 48/48 MP: 9/9
  2203 | D:4      | Found a glowing drain.
  2231 | Sewer    | Entered a sewer
  2250 | Sewer    | Noticed Purgy
  2274 | Sewer    | Killed Purgy
  2276 | Sewer    | Acquired Yredelemnul's first power
  2448 | D:4      | Reached skill level 5 in Stealth
  2448 | D:4      | Gained mutation: Your flesh is heat resistant. [salamander growth]
  2448 | D:4      | Reached XP level 7. HP: 55/55 MP: 11/11
  2826 | D:5      | Entered Level 5 of the Dungeon
  3551 | D:5      | Found a radiant altar of Vehumet.
  4012 | D:6      | Reached XP level 8. HP: 26/61 MP: 17/17
  4276 | D:6      | Noticed Menkaure
  4299 | D:6      | Found a snail-covered altar of Cheibriados.
  4471 | D:6      | Killed Menkaure
  4471 | D:6      | Reached skill level 5 in Polearms
  4600 | D:6      | Reached skill level 5 in Invocations
  4611 | D:6      | Acquired Yredelemnul's second power
  4640 | D:6      | Found an ancient bone altar of Kikubaaqudgha.
  4697 | D:6      | Found Etaokeh's Assorted Antiques.
  4705 | D:6      | Bought a leatherbound manual for 345 gold pieces
  5295 | D:7      | Reached skill level 5 in Dodging
  5383 | D:7      | Reached skill level 6 in Dodging
  5492 | D:7      | Found a sacrificial altar of Ru.
  5514 | D:7      | Reached skill level 7 in Dodging
  5555 | D:7      | Got a heavily runed ring mail
  5560 | D:7      | Identified the cursed +2 ring mail of Iplikhod {rC+ MR+} (You found it on level 7 of the Dungeon)
  5589 | D:7      | Reached skill level 8 in Dodging
  5640 | D:7      | Found a deep blue altar of Sif Muna.
  5718 | D:7      | Found an iron altar of Okawaru.
  5718 | D:7      | Found a shadowy altar of Dithmenos.
  5911 | D:7      | Reached skill level 9 in Dodging
  6083 | D:7      | Reached XP level 9. HP: 49/67 MP: 19/19
  6127 | D:7      | Found a glowing silver altar of Zin.
  6199 | D:7      | Found a staircase to the Ecumenical Temple.
  6210 | Temple   | Entered the Ecumenical Temple
  6421 | D:7      | Noticed Crazy Yiuf
  6428 | D:7      | Killed Crazy Yiuf
  6472 | D:8      | Reached skill level 10 in Dodging
  6626 | D:8      | Found a staircase to the Lair.
  6688 | D:8      | Noticed Psyche
  6695 | D:8      | Killed Psyche
  6695 | D:8      | Reached skill level 11 in Dodging
  6795 | D:8      | Reached skill level 12 in Dodging
  7053 | D:8      | Found Ysaduc's Assorted Antiques.
  7181 | Lair:1   | Entered Level 1 of the Lair of Beasts
  7376 | Lair:1   | Noticed a fire drake
  7388 | Lair:1   | Killed a fire drake
  7388 | Lair:1   | Reached skill level 13 in Dodging
  7607 | Lair:1   | Noticed lagrange's ghost (powerful SaFE)
  7608 | Lair:1   | Noticed a spiny frog
  7615 | Lair:1   | Noticed a spiny frog
  7619 | Lair:1   | Reached skill level 14 in Dodging
  7665 | Lair:1   | Noticed a five-headed hydra
  7674 | Lair:1   | Killed a spiny frog
  7674 | Lair:1   | Acquired Yredelemnul's third power
  7679 | Lair:1   | Killed a five-headed hydra
  7679 | Lair:1   | Reached XP level 10. HP: 62/73 MP: 20/20
  7716 | Lair:1   | Killed a spiny frog
  7716 | Lair:1   | Reached skill level 15 in Dodging
  7822 | Lair:1   | Killed lagrange's ghost
  7824 | Lair:1   | Reached skill level 1 in Evocations
  8074 | Lair:1   | Noticed a fire drake
  8081 | Lair:1   | Killed a fire drake
  8155 | Lair:1   | Noticed MurderMachine's ghost (powerful SaFi)
  8172 | Lair:1   | Killed MurderMachine's ghost
  8500 | Lair:2   | Reached XP level 11. HP: 64/83 MP: 23/23
  8624 | Lair:2   | Noticed Harold
  8661 | Lair:2   | Noticed Nergalle
  8756 | Lair:2   | Killed Harold
  8872 | Lair:2   | Received a gift from Yredelemnul
  8916 | Lair:2   | Killed Nergalle
  9677 | Lair:3   | Received a gift from Yredelemnul
  9703 | Lair:3   | Acquired Yredelemnul's fourth power
 10210 | Lair:4   | Got a transparent leather armour
 10657 | Lair:4   | Received a gift from Yredelemnul
 10784 | Lair:4   | Reached skill level 5 in Fighting
 10790 | Lair:4   | Received a gift from Yredelemnul
 11059 | Lair:4   | Noticed Erica
 11069 | Lair:4   | Killed Erica
 11188 | Lair:4   | Received a gift from Yredelemnul
 11389 | Lair:4   | Noticed a seven-headed hydra
 11396 | Lair:4   | Killed a seven-headed hydra
 11586 | Lair:5   | Reached XP level 12. HP: 81/94 MP: 26/26
 11921 | Lair:5   | Acquired Yredelemnul's fifth power
 12016 | Lair:5   | Identified the +3 leather armour of Surprise {Str-1 Int+3} (You found it on level 4 of the Lair of Beasts)
 12128 | Lair:5   | Found a staircase to the Swamp.
 12326 | Lair:6   | Found a viscous altar of Jiyva.
 12327 | Lair:6   | Found a staircase to the Slime Pits.
 12357 | Lair:6   | Received a gift from Yredelemnul
 12548 | Lair:6   | Noticed Snorg
 12559 | Lair:6   | Killed Snorg
 12590 | Lair:6   | Reached skill level 10 in Invocations
 12617 | Lair:6   | Reached skill level 16 in Dodging
 12782 | Lair:6   | Received a gift from Yredelemnul
 12791 | Lair:6   | Found a staircase to the Snake Pit.
 12797 | Lair:6   | Received a gift from Yredelemnul
 12883 | Lair:6   | Reached skill level 5 in Evocations
 13404 | Lair:7   | Reached skill level 10 in Staves
 13609 | Lair:7   | Reached XP level 13. HP: 78/105 MP: 27/28
 13902 | Lair:8   | Entered Level 8 of the Lair of Beasts
 14157 | Lair:8   | Received a gift from Yredelemnul
 14297 | Lair:8   | Found a shimmering altar of Xom.
 14361 | Lair:8   | Received a gift from Yredelemnul
 14755 | Lair:8   | Learned a level 1 spell: Apportation
 14757 | Lair:8   | Learned a level 1 spell: Summon Butterflies
 15194 | Lair:8   | Reached skill level 10 in Fighting
 15490 | D:8      | Bought a distressingly furry cloak for 247 gold pieces
 15503 | D:8      | Identified the cursed -2 cloak of the Depths {Slay+4 Stlth+} (You bought it in a shop on level 8 of the Dungeon)
 15503 | D:8      | Bought an oblong paperback book for 390 gold pieces
 15508 | D:8      | Learned a level 1 spell: Infusion
 15512 | D:8      | Learned a level 3 spell: Regeneration
 15516 | D:8      | Learned a level 3 spell: Spectral Weapon
 15630 | D:6      | Bought an onyx ring for 115 gold pieces
 15630 | D:6      | Bought a glowing cloak for 103 gold pieces
 15847 | D:9      | Found a staircase to the Orcish Mines.
 15871 | D:9      | Received a gift from Yredelemnul
 15941 | D:9      | Gained mutation: Your flesh is very heat resistant. [salamander growth]
 15941 | D:9      | Reached XP level 14. HP: 116/121 MP: 30/30
 15952 | Orc:1    | Entered Level 1 of the Orcish Mines
 15952 | Orc:1    | Noticed Joseph
 15962 | Orc:1    | Killed Joseph
 15962 | Orc:1    | Reached skill level 1 in Spellcasting
 15980 | Orc:1    | Received a gift from Yredelemnul
 16060 | Orc:1    | Reached skill level 1 in Charms
 16131 | Orc:1    | Received a gift from Yredelemnul
 16348 | Orc:1    | Received a gift from Yredelemnul
 16547 | Orc:3    | Found a staircase to the Elven Halls.
 16584 | Orc:3    | Found a roughly hewn altar of Beogh.
 16687 | Orc:3    | Received a gift from Yredelemnul
 16768 | Orc:3    | Found Mulun's Food Shop.
 17073 | Orc:4    | Entered Level 4 of the Orcish Mines
 17073 | Orc:4    | Noticed Sonja
 17075 | Orc:4    | Killed Sonja
 17338 | Orc:4    | Received a gift from Yredelemnul
 17457 | Orc:4    | Noticed Blork the orc
 17460 | Orc:4    | Killed Blork the orc
 17489 | Orc:4    | Your ally Blork died
 17493 | Orc:4    | Learned a level 2 spell: Repel Missiles
 17696 | Orc:4    | Found a roughly hewn altar of Beogh.
 17709 | Orc:4    | Found Hidum's Armour Emporium.
 17722 | Orc:4    | Bought the +6 lightning scales {run, rElec} for 1196 gold pieces
 17762 | Orc:4    | Found a roughly hewn altar of Beogh.
 17767 | Orc:4    | Received a gift from Yredelemnul
 17829 | Orc:4    | Found a roughly hewn altar of Beogh.
 17927 | Orc:4    | Found a roughly hewn altar of Beogh.
 18042 | Orc:4    | Noticed an orc warlord
 18261 | Orc:4    | Received a gift from Yredelemnul
 18299 | Orc:4    | Found a roughly hewn altar of Beogh.
 18305 | Orc:4    | Found Kugec's Gadget Shop.
 18379 | Orc:4    | Found Nehepn's Antique Weapon Shop.
 18379 | Orc:4    | Found a roughly hewn altar of Beogh.
 18381 | Orc:4    | Found Fryorghou's Antique Armour Boutique.
 18413 | Orc:4    | Received a gift from Yredelemnul
 18999 | D:9      | You fall through a shaft for 3 floors!
 18999 | D:12     | Noticed Gastronok
 19006 | D:12     | Killed Gastronok
 19078 | D:12     | Noticed Erolcha
 19085 | D:12     | Killed Erolcha
 19092 | D:12     | Received a gift from Yredelemnul
 19114 | D:12     | Reached skill level 5 in Spellcasting
 19114 | D:12     | Reached skill level 5 in Charms
 19196 | D:12     | Noticed Nessos
 19207 | D:12     | Killed Nessos
 19398 | D:12     | Found a runed door.
 19425 | D:12     | Found a runed door.
 19456 | D:12     | Got a jewelled spear
 19457 | D:12     | Identified the cursed -1 spear "Banisher" {venom, rN+ MR+} (You found it on level 12 of the Dungeon)
 19575 | D:12     | Noticed a tengu reaver
 19575 | D:12     | Noticed an orc warlord
 19575 | D:12     | Noticed a frost giant
 19575 | D:12     | Noticed a frost giant
 19605 | D:12     | Killed a tengu reaver
 19620 | D:12     | Killed an orc warlord
 19633 | D:12     | Killed a frost giant
 19634 | D:12     | Killed a frost giant
 19643 | D:12     | Got a transparent ivory ring
 19663 | D:12     | Identified the ring of Wywyc {rF++ AC+2} (You took it off a frost giant on level 12 of the Dungeon)
 19798 | D:12     | Received a gift from Yredelemnul
 19988 | D:13     | Received a gift from Yredelemnul
 20014 | D:13     | Noticed agentgt's ghost (powerful SaGl)
 20195 | D:13     | Cast into the Abyss (agentgt's ghost)
 20195 | Abyss:1  | Found a corrupted altar of Lugonu.
 20212 | D:13     | Escaped the Abyss
 20235 | D:13     | Killed agentgt's ghost
 20392 | D:13     | Found a shadowy altar of Dithmenos.
 20598 | D:14     | Found a gate to the Vaults.
 20681 | D:14     | Received a gift from Yredelemnul
 20862 | D:14     | Found Oniad's Magic Scroll Shop.
 21046 | D:14     | Reached XP level 15. HP: 126/126 MP: 32/32
 21273 | D:14     | Got a warped ring mail
 21274 | D:14     | Identified the +3 ring mail of the Four Tales {rPois rC- Int+2 Slay+3} (You found it on level 14 of the Dungeon)
 21511 | D:15     | Entered Level 15 of the Dungeon
 21554 | D:15     | Received a gift from Yredelemnul
 21683 | D:15     | Found a staircase to the Depths.
 21861 | D:15     | Gained mutation: You are weak. (Str -2) [a shining eye]
 21887 | D:15     | Reached skill level 10 in Charms
 21888 | D:15     | Received a gift from Yredelemnul
 22091 | D:15     | Found a bloodstained altar of Trog.
 22160 | D:15     | Reached skill level 10 in Spellcasting
 22277 | D:15     | Received a gift from Yredelemnul
 22524 | Depths:1 | Entered Level 1 of the Depths
 22545 | D:15     | Slain by an iron troll

Action                   |  1- 3 |  4- 6 |  7- 9 | 10-12 | 13-15 || total
-------------------------+-------+-------+-------+-------+-------++-------
Melee: Quarterstaff      |   107 |    75 |   123 |   602 |  1145 ||  2052
       Spear             |       |   102 |   380 |       |       ||   482
Throw: Throwing net      |     1 |     5 |     8 |     6 |       ||    20
       Javelin           |       |       |     2 |     2 |       ||     4
Invok: Animate Remains   |       |       |     5 |       |       ||     5
       Animate Dead      |       |       |       |    24 |    43 ||    67
       Recall Undead Sla |       |       |       |     2 |     3 ||     5
Evoke: Wand              |       |       |     2 |     7 |    20 ||    29
       Deck              |       |       |       |     1 |     8 ||     9
       Rod               |       |       |       |       |    10 ||    10
       Phial of floods   |       |       |       |       |     4 ||     4
       Lamp of fire      |       |       |       |       |     2 ||     2
       Stone of tremors  |       |       |       |       |     1 ||     1
  Use: Potion            |     2 |     1 |     6 |     2 |    10 ||    21
       Scroll            |     2 |     4 |    16 |    16 |    18 ||    56
 Stab: Sleeping          |     2 |    11 |    30 |    26 |    32 ||   101
       Held in net/web   |       |     4 |     8 |     1 |       ||    13
       Distracted        |       |     1 |     1 |    14 |     7 ||    23
       Paralysed         |       |       |     7 |     9 |    17 ||    33
       Invisible         |       |       |     4 |       |       ||     4
       Petrifying        |       |       |     2 |     1 |    11 ||    14
       Confused          |       |       |       |     3 |     4 ||     7
       Petrified         |       |       |       |       |     3 ||     3
  Eat: Chunk             |       |     5 |    17 |    17 |    17 ||    56
       Fruit             |       |       |       |     1 |     8 ||     9
       Bread ration      |       |       |       |     1 |     2 ||     3
       Pizza             |       |       |       |       |     3 ||     3
       Beef jerky        |       |       |       |       |     6 ||     6
